 Dungeon Crawl Stone Soup version 0.31-a0-986-g5e6e4ef867 (webtiles) character file.

Game seed: 12302508907874852550

17519979 ojifijod the Conqueror (level 27, 298/298 HPs)
             Began as a Naga Gladiator on Nov 5, 2023.
             Was the Champion of Cheibriados.
             Escaped with the Orb
             ... and 15 runes on Nov 6, 2023!
             The game lasted 04:31:54 (88438 turns).

ojifijod the Conqueror (Naga Gladiator)            Turns: 88438, Time: 04:31:54

Health: 298/298    AC: 68    Str: 48    XL:     27
Magic:  48/48      EV: 37    Int: 31    God:    Cheibriados [******]
Gold:   10002      SH: 38    Dex: 40    Spells: 14/26 levels left

rFire   + +          +
                       - Unarmed
rCold   + + +        H - +8 tower shield {AC+3}
rNeg    + + +        R - +12 gold dragon scales
rPois   ∞            C - +3 hat of Pondering {ponderous, Will+ MP+10 Int+5}
rElec   +            j - scarf {rC+ rF+}
rCorr   +            L - +2 pair of gloves {Dex+3}
SInv    +            a - +10 Black Knight's barding {ponderous, rPois rN+}
Will    +++++        o - amulet "Tyalor" {Faith Will+ Regen+} Stlth
                     U - ring of Demp {rF+ Will+ EV+5 Dex+4}
HPRegen 1.49/turn    J - ring "Ijuheoth" {rElec Will+ rCorr Dex+3}
MPRegen 0.31/turn

%: faith
@: death-form, studying 3 skills, very slow
A: vile attack, torment immunity, no potions, AC +9, large, see invisible,
deformed body, poison resistance, slowness 2, spit poison 1, naga tail 2,
antennae 1, noise suppression
0: Orb of Zot
}: 15/15 runes: decaying, slimy, silver, golden, iron, obsidian, icy, bone,
abyssal, demonic, glowing, magical, fiery, dark, gossamer
a: Spit Poison, Siphon Essence, Begin Untransformation, Renounce Religion, Bend
Time, Temporal Distortion, Slouch, Step From Time


You escaped.
You worshipped Cheibriados.
Cheibriados was exalted by your worship.
You were an undying horror.
You visited 18 branches of the dungeon, and saw 88 of its levels.
You visited Pandemonium 1 time, and saw 22 of its levels.
You visited the Abyss 1 time.
You also visited: Gauntlet and Desolation.

You collected 18233 gold pieces.
You spent 8231 gold pieces at shops.

Inventory:

Missiles
 c - 2 throwing nets
 e - 42 boomerangs
 O - 3 curare-tipped darts
 Y - 44 silver javelins (quivered)
Armour
 a - the +10 Black Knight's barding (worn) {ponderous, rPois rN+}
   (Okawaru gifted it to you on level 5 of the Lair of Beasts)

   rPois:     It protects you from poison rN+: It protects you from negative
   energy.
 j - a scarf of resistance (worn)
 C - the +3 hat of Pondering (worn) {ponderous, Will+ MP+10 Int+5}
   (You bought it in a shop on level 9 of the Dungeon)

   Int+5:     It affects your intelligence (+5).
   Will+:     It increases your willpower.
   MP+10:     It affects your magic capacity (+10).
 H - a +8 tower shield of protection (worn)
 L - a +2 pair of gloves of dexterity (worn)
 N - the -2 hat of the Alchemist {rElec rPois rF+ rC+ rN+ Will+ rMut rCorr}
   (You found it on level 3 of the Tomb of the Ancients)

   rF+:       It protects you from fire.
   rC+:       It protects you from cold.
   rElec:     It insulates you from electricity.
   rPois:     It protects you from poison rN+: It protects you from negative
   energy.
   Will+:     It increases your willpower.
   rCorr:     It protects you from acid and corrosion.
   rMut:      It protects you from mutation.
 R - +12 gold dragon scales (worn)
 S - the orb of Dispater {+Damnation *Corrode AC+5}
   (You took it off Dispater on level 7 of the Iron City of Dis)

   +Damnation: It grants the ability to hurl damnation at the cost of health and
   magic, with strength depending on Evocations skill.
   AC+5:      It affects your AC (+5).
   *Corrode:  It may corrode you when you take damage.
 W - the +18 shield of the Gong {Loud rN+ Will+ rCorr EV-5}
   (You found it on level 4 of the Lair of Beasts)

   Loud:      It is deafeningly noisy when blocking attacks.
   EV-5:      It affects your evasion (-5).
   rN+:       It protects you from negative energy.
   Will+:     It increases your willpower.
   rCorr:     It protects you from acid and corrosion.
Jewellery
 l - the ring "Imaomm" {rPois rN+ AC+4 Slay+5}
   (You found it in the Desolation of Salt)

   [ring of protection]

   AC+4:      It affects your AC (+4).
   Slay+5:    It affects your accuracy & damage with ranged weapons and melee
   (+5).
   rPois:     It protects you from poison rN+: It protects you from negative
   energy.
 o - the amulet "Tyalor" (around neck) {Faith Will+ Regen+}
   (You found it in the Desolation of Salt)

   [amulet of faith]

   Faith:     It allows you to gain divine favour quickly.
   Will+:     It increases your willpower.
   Regen+:    It increases your rate of health regeneration.
 I - a ring of flight
 J - the ring "Ijuheoth" (right hand) {rElec Will+ rCorr Dex+3}
   (You found it on level 3 of the Elven Halls)

   [ring of willpower]

   Dex+3:     It affects your dexterity (+3).
   rElec:     It insulates you from electricity.
   Will+:     It increases your willpower.
   rCorr:     It protects you from acid and corrosion.
 K - the ring of Xom's Capriciousness {rF++ rC+ MP+9 Int+3 Dex+3}
   (You found it on level 3 of the Elven Halls)

   [ring of protection from cold]

   Int+3:     It affects your intelligence (+3).
   Dex+3:     It affects your dexterity (+3).
   rF++:      It greatly protects you from fire.
   rC+:       It protects you from cold.
   MP+9:      It affects your magic capacity (+9).
 U - the ring of Demp (left hand) {rF+ Will+ EV+5 Dex+4}
   (You found it on level 3 of the Depths)

   [ring of evasion]

   EV+5:      It affects your evasion (+5).
   Dex+4:     It affects your dexterity (+4).
   rF+:       It protects you from fire.
   Will+:     It increases your willpower.
Talismans
 u - the talisman of death "Selatz" (active) {Str+4 Int+3}
   (You bought it in a shop on level 3 of the Vaults)

   [talisman of death]

   Str+4:     It affects your strength (+4).
   Int+3:     It affects your intelligence (+3).
 y - a storm talisman
Wands
 s - a wand of roots (54)
 D - a wand of flame (157)
 G - a wand of mindburst (32)
 P - a wand of quicksilver (83)
 Q - a wand of digging (53)
Scrolls
 b - 9 scrolls of fear
 d - 2 scrolls of vulnerability
 h - 2 scrolls of torment
 i - 5 scrolls of immolation
 k - 12 scrolls of revelation
 n - 15 scrolls of teleportation
 p - 14 scrolls of fog
 q - 7 scrolls of blinking
 t - 6 scrolls of silence
 A - 12 scrolls of poison
 M - 4 scrolls of summoning
Potions
 f - 15 potions of attraction
 g - 13 potions of mutation
 m - 17 potions of ambrosia
 r - 24 potions of curing
 v - 10 potions of might
 w - 6 potions of cancellation
 x - 8 potions of heal wounds
 z - 14 potions of enlightenment
 B - 12 potions of brilliance
 E - 11 potions of berserk rage
 F - 13 potions of lignification
 T - 7 potions of resistance
 V - 3 potions of magic
 X - 9 potions of invisibility
Miscellaneous
 Z - a figurine of a ziggurat


   Skills:
 O Level 27 Fighting
 - Level 5.0 Throwing
 + Level 24.4 Armour
 + Level 23.4 Dodging
 - Level 8.0 Stealth
 + Level 23.2 Shields
 O Level 27 Unarmed Combat
 - Level 11.0 Translocations
 - Level 8.0 Ice Magic
 - Level 7.0 Air Magic
 + Level 23.8 Invocations
 - Level 23.0 Shapeshifting


You had 14 spell levels left.
You knew the following spells:

 Your Spells              Type           Power      Damage    Failure   Level
a - Apportation           Tloc           100%       N/A       1%          1
b - Blink                 Tloc           100%       N/A       1%          2
c - Lesser Beckoning      Tloc           100%       N/A       1%          2
d - Manifold Assault      Tloc           62%        N/A       3%          4
f - Ozocubu's Armour      Ice            49%        N/A       4%          3

Your spell library contained the following spells:

 Spells                   Type           Power      Damage    Failure   Level
 Gell's Gravitas          Tloc           62%        N/A       1%          3
 Teleport Other           Tloc           62%        N/A       1%          3
 Frozen Ramparts          Ice            98%        1d15      4%          3
 Momentum Strike          Conj/Tloc      68%        3d9       5%          2
 Swiftness                Air            43%        N/A       6%          3
 Shock                    Conj/Air       84%        1d8       9%          1
 Vhi's Electric Charge    Tloc/Air       100%       N/A       9%          4
 Ensorcelled Hibernation  Hex/Ice        48%        N/A       11%         2
 Volatile Blastmotes      Fire/Tloc      68%        2d15      11%         3
 Static Discharge         Conj/Air       42%        3-5/arc   13%         2
 Hailstorm                Conj/Ice       24%        3d7       21%         3
 Airstrike                Air            21%        2d(4-20)  21%         4
 Cigotuvi's Dreadful Rot  Necr/Pois/Air  28%        N/A       22%         2
 Foxfire                  Conj/Fire      0%         2x1d4     34%         1
 Kiss of Death            Conj/Necr      0%         2d5       34%         1
 Magic Dart               Conj           0%         1d3       34%         1
 Necrotise                Necr           0%         1d4       34%         1
 Slow                     Hex            0%         N/A       34%         1
 Sting                    Tmut/Pois      0%         1d3       34%         1
 Summon Small Mammal      Summ           0%         N/A       34%         1
 Dimensional Bullseye     Hex/Tloc       17%        N/A       36%         4
 Iskenderun's Mystic Bla  Conj/Tloc      34%        2d8       36%         4
 Mephitic Cloud           Conj/Pois/Air  14%        N/A       38%         3
 Call Imp                 Summ           0%         N/A       47%         2
 Jinxbite                 Hex            0%         N/A       47%         2
 Scorch                   Fire           0%         2d5       47%         2
 Searing Ray              Conj           0%         2d4       47%         2
 Sublimation of Blood     Necr           0%         N/A       47%         2
 Dispersal                Tloc           31%        N/A       52%         6
 Summon Ice Beast         Ice/Summ       24%        N/A       56%         4
 Summon Lightning Spire   Summ/Air       21%        N/A       63%         4
 Call Canine Familiar     Summ           0%         N/A       71%         3
 Confusing Touch          Hex            0%         N/A       71%         3
 Dazzling Flash           Conj/Hex       0%         N/A       71%         3
 Ignite Poison            Fire/Tmut/Pois 0%         N/A       71%         3
 Inner Flame              Hex/Fire       0%         N/A       71%         3
 Sigil of Binding         Hex            0%         N/A       71%         3
 Stone Arrow              Conj/Erth      0%         3d7       71%         3
 Vampiric Draining        Necr           0%         2d6       71%         3
 Summon Forest            Summ/Tloc      17%        N/A       71%         5
 Metabolic Englaciation   Hex/Ice        12%        N/A       88%         5
 Arcjolt                  Conj/Air       10%        1d20      93%         5
 Anguish                  Hex/Necr       0%         N/A       98%         4
 Animate Armour           Summ/Erth      0%         N/A       98%         4
 Animate Dead             Necr           0%         N/A       98%         4
 Cause Fear               Hex            0%         N/A       98%         4
 Dispel Undead            Necr           0%         3d6       98%         4
 Flame Wave               Conj/Fire      0%         2d4       98%         4
 Fulminant Prism          Conj/Hex       0%         3d5       98%         4
 Leda's Liquefaction      Hex/Erth       0%         N/A       98%         4
 Olgreb's Toxic Radiance  Pois           0%         N/A       98%         4
 Petrify                  Tmut/Erth      0%         N/A       98%         4
 Sticky Flame             Conj/Fire      0%         2d3       98%         4
 Agony                    Necr           0%         N/A       100%        5
 Alistair's Intoxication  Tmut/Pois      0%         N/A       100%        5
 Borgnjor's Vile Clutch   Necr/Erth      0%         N/A       100%        5
 Fireball                 Conj/Fire      0%         3d3       100%        5
 Irradiate                Conj/Tmut      0%         3d11      100%        5
 Iskenderun's Battlesphe  Conj           0%         2d6       100%        5
 Summon Mana Viper        Hex/Summ       0%         N/A       100%        5
 Bombard                  Conj/Erth      0%         9d1       100%        6
 Conjure Ball Lightning   Conj/Air       10%        3x3d6     100%        6
 Death Channel            Necr           0%         N/A       100%        6
 Eringya's Noxious Bog    Tmut/Pois      0%         4d6       100%        6
 Plasma Beam              Fire/Air       10%        2x1d21    100%        6
 Simulacrum               Ice/Necr       12%        N/A       100%        6
 Starburst                Conj/Fire      0%         6d3       100%        6
 Summon Cactus Giant      Summ           0%         N/A       100%        6
 Enfeeble                 Hex            0%         N/A       100%        7
 Haunt                    Necr/Summ      0%         N/A       100%        7
 Ozocubu's Refrigeration  Ice            24%        4d12      100%        7
 Spellforged Servitor     Conj/Summ      0%         N/A       100%        7
 Borgnjor's Revivificati  Necr           0%         N/A       100%        8
 Discord                  Hex            0%         N/A       100%        8
 Disjunction              Tloc           31%        N/A       100%        8
 Ignition                 Fire           0%         3d3       100%        8
 Infestation              Necr           0%         N/A       100%        8
 Maxwell's Capacitive Co  Air            21%        ∞         100%        8
 Death's Door             Necr           0%         N/A       100%        9
 Dragon's Call            Summ           0%         N/A       100%        9
 Fire Storm               Conj/Fire      0%         5d1       100%        9


Dungeon Overview and Level Annotations

Branches:
Dungeon (15/15)            Temple (1/1) D:7            Lair (5/5) D:10
  Swamp (4/4) Lair:2       Spider (4/4) Lair:2        Slime (5/5) Lair:5
    Orc (2/2) D:11            Elf (3/3) Orc:2        Vaults (5/5) D:13
  Crypt (3/3) Vaults:3       Tomb (3/3) Crypt:3      Depths (4/4) D:15
   Hell (visited)             Dis (7/7) Hell            Geh (7/7) Hell
    Coc (7/7) Hell            Tar (7/7) Hell            Zot (5/5) Depths:4
Desolation (visited)      Gauntlet (visited)

Altars:
Ashenzari
Cheibriados
Dithmenos
Elyvilon
Fedhas
Gozag
Hepliaklqana
Kikubaaqudgha
Makhleb
Nemelex Xobeh
Okawaru
Qazlal
Ru
Sif Muna
Trog
Uskayaw
Vehumet
Wu Jian
Xom
Yredelemnul
Zin
The Shining One
Jiyva

Shops:
D:7 [   D:9 [   D:15 (   Orc:2 *(*   Vaults:2 =   Vaults:3 [[=   Depths:1 **
Depths:3 :

Portals:
Hell: Depths:1 Depths:2 Depths:3 Depths:4
Abyss: Depths:1 Depths:3
Pandemonium: Depths:2
Ziggurat: Depths:3

Annotations:
D:5 1 runed translucent door
Lair:3 exclusion: oklob plant
Depths:2 2 runed translucent doors


Innate Abilities, Weirdness & Mutations

You are an undying horror.
Your melee and unarmed attacks drain, slow and weaken victims.
You are immune to unholy pain and torment.
You cannot drink.
Your serpentine skin is tough. (AC +9)
You have supernaturally acute eyesight. (SInv)
Armour fits poorly on your strangely shaped body.
Your system is resistant to poisons. (rPois)
You cover ground very slowly.
You can spit poison.
You can use your snake-like lower body to constrict enemies.
You have a pair of small antennae on your head.
You passively dampen the noise of your surroundings.


Message History

You climb upwards.
There is a stone staircase leading down here.
There is a stone staircase leading up here.
You climb upwards.
There is a stone staircase leading down here.
An orange demon comes into view.
The orange demon screeches!
You hear a grinding noise.
Some rock shatters into small pieces.
A cacodemon comes into view.
You block the orange demon's attack. x4
The orange demon completely misses you. x2
You hit the cacodemon.
The cacodemon decays.
Your grab misses the cacodemon.
The cacodemon is lightly wounded.
You barely miss the cacodemon. You grab the cacodemon.
The cacodemon is lightly wounded.
You constrict the cacodemon! You block the orange demon's attack. x2
You pummel the cacodemon!!
The cacodemon decays.
The cacodemon is moderately wounded.
You constrict the cacodemon. You block the cacodemon's attack. x2
You pulverise the cacodemon!!!
You kill the cacodemon!
Cheibriados appreciates the change of pace.
You block the orange demon's attack. x2
You pulverise the orange demon!!!
You kill the orange demon!
Cheibriados appreciates the change of pace.
No target in view!
No target in view!
No target in view!
No target in view!
No target in view!
No target in view!
No target in view!
No target in view!
No target in view!
No target in view!
There is a staircase leading out of the dungeon here.
You can't go down here!
You have escaped!

##..# #.##.....)##............#
##.# #.##...#####...........)#
#.####.#..#...# ####.........# ##
#....#...####.# #.........# .#
####.#..## ### #.........# .#
#...## ### ###.......>.# .#
##....# ##.## #...........# .#
#..#..# ##...###.#.........#
.#####.##..###≈.z.≈#............#
.......##...##≈...≈#.#.#######..#
.########...##≈...≈#.#.##.....#..
..#### ###..#≈...≈#...#.#.....#.
.....# #..#≈...≈#...#..#######
#....### #.>##........#..#.....#
#......####..##....#...#..#.[...#
#....#....#...+8.8'..).#..#...(.#
#....####....###.##.....#.#...).#


There were no monsters in sight!

Vanquished Creatures
  Cerebov (Pan)
  Antaeus (Coc:7)
  Asmodeus (Geh:7)
  the Royal Jelly (Slime:5)
  Ereshkigal (Tar:7)
  Gloorx Vloq (Pan)
  Mnoleg (Pan)
  Lom Lobon (Pan)
  the Serpent of Hell (Tar:7)
  Dispater (Dis:7)
  8 dread liches
  Tiamat (Zot:5)
  7 pandemonium lords
  5 ancient liches
  2 orbs of fire (Zot:5)
  Mennas (Pan)
  11 juggernauts
  29 royal mummies
  Parghit (Depths:3)
  Bai Suzhen (Swamp:3)
  9 Killer Klowns (Zot:5)
  12 shard shrikes
  the Lernaean hydra (Swamp:4)
  4 curse toes
  Xtahua (Vaults:3)
  Geryon (Hell)
  29 caustic shrikes
  13 golden dragons
  Norris (Arena)
  20 profane servitors
  13 doom hounds
  17 Tzitzimimeh
  23 bone dragons
  2 electric golems (Zot:5)
  17 iron giants
  13 Brimstone Fiends
  2 spectral shard shrikes
  23 tentacled monstrosities
  24 Ice Fiends
  Rupert (D:13)
  10 hellephants
  The ghost of pokeman the Archmage, an adept DEHW of Vehumet (Depths:2)
  Mlioglotl (Spider:3)
  32 tainted leviathans
  31 Orb Guardians
  7 liches
  41 titans
  Zenata (Vaults:1)
  A shard shrike skeleton (Tomb:3)
  6 quicksilver dragons
  10 sphinxes
  Asterion (Vaults:1)
  5 deep elf blademasters
  40 ancient champions
  A walking frostbound tome (Depths:2)
  23 Hell Sentinels
  19 searing wretches
  10 deep elf master archers
  19 acid blobs
  10 death cobs
  4 tentacled starspawn
  4 tengu reavers
  Kirke (D:13)
  A thorn hunter (Swamp:4)
  An eldritch tentacle (Pan)
  Agnes (D:14)
  20 Executioners
  Aizul (Spider:3)
  10 draconian knights
  19 storm dragons
  11 rockslimes
  Roxanne (Elf:1)
  7 draconian monks
  A daeva (Abyss:4)
  6 demonspawn warmongers (Pan)
  16 shadow dragons
  5 revenants
  12 narguns
  16 quicksilver elementals
  37 fire giants
  22 azure jellies
  6 emperor scorpions
  3 draconian scorchers
  An imperial myrmidon (Desolation)
  11 deep elf sorcerers
  17 vault wardens
  7 iron dragons
  41 balrugs
  4 curse skulls
  4 caustic shrike zombies
  24 frost giants
  5 draconian shifters
  9 ghost moths
  An angel (Abyss:4)
  Louise (Depths:3)
  3 deep elf elementalists (Elf:3)
  A spectral juggernaut (Tar:6)
  2 draconian stormcallers
  5 draconian annihilators
  41 war gargoyles
  8 quicksilver oozes
  3 broodmothers
  6 caustic shrike skeletons
  7 shard shrike simulacra
  27 ironbound preservers
  15 ghouls
  8 demonspawn corrupters (Pan)
  A spectral caustic shrike (Tar:3)
  26 stone giants
  18 cacodemons
  22 reapers
  43 very ugly things
  4 spriggan defenders
  7 formless jellyfish
  A demonspawn blood saint (Pan)
  39 elemental wellsprings
  2 ophanim (Abyss:4)
  6 ironbound thunderhulks
  32 putrid mouths
  14 white draconians
  11 vampire knights
  A halazid warlock (Desolation)
  6 deep elf demonologists
  2 spectral titans
  3 eleionomae
  13 red draconians
  12 black draconians
  8 bennus
  A minotaur (Gauntlet)
  6 deep elf annihilators (Elf:3)
  11 yellow draconians
  14 dire elephants
  10 green draconians
  13 lorocyprocas
  7 spark wasps
  16 purple draconians
  15 wendigos
  6 bunyips
  8 demonspawn black suns (Pan)
  9 green deaths
  21 blizzard demons
  8 deep elf death magi
  23 iron golems
  12 ettins
  16 fire dragons
  7 jiangshi
  23 mummy priests
  A shambling mangrove (Swamp:2)
  4 crystal guardians
  12 yaktaur captains
  7 entropy weavers
  3 quicksilver dragon zombies
  8 eidola
  7 ragged hierophants (Desolation)
  7 spectral spriggans
  3 spectral krakens (Tar:7)
  19 great orbs of eyes
  A quicksilver dragon skeleton (Crypt:3)
  6 ice dragons
  A spectral fenstrider witch (Tar:2)
  A great orb of eyes (shapeshifter) (Depths:2)
  8 deep elf high priests
  5 caustic shrike simulacra
  6 salamander tyrants
  13 peacekeepers
  28 vault guards
  10 rakshasas
  5 spriggan skeletons
  2 fenstrider witch zombies
  6 juggernaut simulacra
  3 catoblepae
  A ghost crab (Swamp:2)
  7 hell beasts
  8 servants of whispers (Desolation)
  19 hydras
  3 spriggan air magi
  6 alligators
  3 radroaches (Spider:3)
  22 centaur warriors
  18 stokers
  2 death knights
  A sphinx zombie (D:15)
  2 boulder beetles
  4 ironbound frosthearts
  7 ogre magi
  A two-headed ogre (shapeshifter) (Vaults:3)
  53 death scarabs
  A sphinx skeleton (D:15)
  A death yak (shapeshifter) (Depths:3)
  Erica (Orc:1)
  35 dancing weapons
  8 deep troll shamans
  2 spectral stone giants
  24 two-headed ogres
  7 tengu warriors
  10 demonic crawlers
  A spectral dire elephant (Tar:4)
  34 hell hogs
  6 occultists
  A storm dragon zombie (Crypt:3)
  A titan zombie (Crypt:3)
  6 vampire magi
  11 thrashing horrors
  2 orc high priests
  33 soul eaters
  A spectral storm dragon (Tar:1)
  A spriggan berserker (Depths:1)
  14 deep troll earth magi
  25 hell knights
  50 skeletal warriors
  8 skysharks
  14 iron trolls
  60 sun demons
  38 deep elf knights
  19 crystal echidnas
  28 sixfirhies
  4 titan skeletons (Crypt:3)
  A spark wasp zombie (Crypt:3)
  2 cherubim (Abyss:4)
  10 pharaoh ants
  4 goliath frogs
  11 shadow wraiths
  8 glowing orange brains
  2 sun moths
  75 deep trolls
  8 shadow demons
  6 wretched stars
  13 flayed ghosts
  A spatial maelstrom (Abyss:4)
  4 spectral anacondas
  A glowing orange brain (shapeshifter) (Vaults:5)
  6 spriggan druids
  2 quicksilver dragon simulacra
  2 death drakes (shapeshifter)
  An anaconda zombie (Geh:1)
  3 anaconda skeletons
  6 lindwurms
  14 swamp dragons
  9 orb spiders
  5 spriggan simulacra
  A spectral hydra (Tar:3)
  A swamp dragon (shapeshifter) (D:13)
  13 arcanists
  7 bog bodies
  25 ironbound convokers
  16 phantasmal warriors
  6 harpies (Vaults:1)
  27 deep elf archers
  An orange crystal statue (Hell)
  5 steelbarb worms
  2 iron giant skeletons
  8 orc knights
  2 wolf spider zombies (D:15)
  A fenstrider witch simulacrum (Hell)
  A bunyip skeleton (Pan)
  17 necromancers
  34 deep elf zephyrmancers
  10 shining eyes
  An orc sorcerer (Orc:2)
  45 deep elf pyromancers
  23 wolf spiders
  51 large abominations
  5 cyclopes
  A spectral ettin (Tar:3)
  A cyclops (shapeshifter) (Depths:3)
  10 elephants
  55 ugly things
  2 shadow dragon skeletons
  3 apocalypse crabs (Abyss:4)
  3 salamanders (Abyss:3)
  5 will-o-the-wisps
  4 worldbinders
  A manticore (D:13)
  2 iron dragon skeletons
  A fire giant skeleton (Vaults:3)
  A rust devil (Pan)
  27 moths of wrath
  116 slime creatures
  5 guardian serpents
  A naga mage (Abyss:3)
  15 vault sentinels
  A dire elephant zombie (Abyss:1)
  3 stone giant skeletons
  31 smoke demons
  17 centaur zombies
  4 torpor snails
  2 black mambas
  An eye of devastation (shapeshifter) (Vaults:4)
  7 eyes of devastation
  A molten gargoyle (Desolation)
  6 titan simulacra
  An ice statue (Coc:7)
  2 gargoyles
  Psyche (D:8)
  24 orange demons
  3 dire elephant skeletons
  4 unseen horrors
  15 cane toads
  8 spectral swamp worms (Tar:7)
  10 rime drakes
  25 yaktaurs
  A yaktaur zombie (Vaults:2)
  19 hellions
  An alligator snapping turtle zombie (Hell)
  5 centaur skeletons
  2 kobold demonologists
  9 komodo dragons
  26 tormentors
  5 efreet
  16 freezing wraiths
  4 spectral nagas
  2 minotaur zombies (Gauntlet)
  An iron giant simulacrum (Coc:7)
  4 ice devils
  2 bunyip simulacra
  A yaktaur skeleton (Vaults:3)
  2 tengu conjurers
  4 anaconda simulacra
  3 spectral harpies
  2 golden dragon simulacra
  A silent spectre (Tar:7)
  4 human skeletons
  55 guardian mummies
  5 ancient zymes
  3 red devils
  A tengu simulacrum (Vaults:2)
  8 trolls
  3 meliai (D:13)
  3 harpy zombies
  A shadow dragon simulacrum (Hell)
  11 tyrant leeches
  19 hellwings
  2 raiju
  3 harpy skeletons
  19 hornets
  5 polar bears
  24 tarantellas
  A hornet (shapeshifter) (Abyss:4)
  65 saltlings (Desolation)
  A raiju (shapeshifter) (D:13)
  A hydra skeleton (Pan)
  9 blink frogs
  Grinder (D:5)
  A meliai zombie (D:15)
  A fire dragon zombie (Geh:1)
  10 glass eyes
  4 spriggan zombies
  2 iron dragon simulacra
  A centaur simulacrum (D:14)
  29 flying skulls
  A slime creature (shapeshifter) (Vaults:5)
  3 ettin skeletons
  16 culicivoras
  16 spriggans
  An ice dragon skeleton (Pan)
  2 stone giant simulacra
  A guardian serpent skeleton (Crypt:1)
  A yak (shapeshifter) (D:13)
  27 jumping spiders
  2 air elementals (Elf:1)
  A culicivora (shapeshifter) (Vaults:5)
  5 shadows
  10 wraiths
  22 ynoxinuls
  15 ushabtiu
  6 vampires
  7 water elementals
  5 wyverns
  2 dire elephant simulacra
  A wind drake zombie (Crypt:3)
  3 hogs (D:13)
  6 basilisks
  2 black mamba skeletons
  6 fire bats
  A fire elemental (Elf:1)
  15 golden eyes
  A human (shapeshifter) (D:12)
  An alligator snapping turtle simulacrum (Coc:3)
  3 elf skeletons (Vaults:3)
  16 humans (D:13)
  31 yaks
  Grum (D:9)
  The ghost of croobank the Insei, an amateur DgSh (D:5)
  74 redbacks
  29 neqoxecs
  A tyrant leech zombie (Crypt:1)
  17 chaos spawn
  A redback (shapeshifter) (Vaults:5)
  Edmund (D:6)
  5 steam dragons
  5 wargs
  2 nagas (Abyss:3)
  9 vampire mosquitoes
  2 naga zombies
  A glowing shapeshifter zombie (Vaults:3)
  17 harpy simulacra
  5 acid dragons
  A merfolk zombie (Crypt:3)
  15 swamp worms
  A swamp worm (shapeshifter) (Vaults:5)
  Duvessa (D:6)
  12 water moccasins
  2 hydra simulacra
  6 naga skeletons
  10 swamp drakes
  A glowing shapeshifter skeleton (Vaults:3)
  7 hell hounds
  2 ogre skeletons
  19 orc warriors
  A sky beast (D:7)
  3 ice beasts
  A water nymph skeleton (Crypt:3)
  13 small abominations
  29 ogres
  3 ettin simulacra
  3 centaurs
  9 wolves
  A swamp dragon skeleton (Crypt:3)
  A torpor snail zombie (Crypt:1)
  3 phantoms
  A blink frog skeleton (Crypt:3)
  11 bullfrogs
  5 kobold brigands
  3 gnoll sergeants
  A rime drake skeleton (Crypt:2)
  6 necrophages
  2 scorpions
  A komodo dragon skeleton (Crypt:2)
  A naga simulacrum (Coc:5)
  4 earth elementals
  30 wights
  A cyclops skeleton (Crypt:3)
  Dowan (D:6)
  A troll zombie (Crypt:1)
  A warg skeleton (Crypt:2)
  4 howler monkeys
  An electric eel (Spider:4)
  A troll skeleton (Crypt:3)
  12 crimson imps
  A lava snake (D:12)
  A quasit (Abyss:1)
  2 iron imps
  4 jellies
  14 orc priests
  93 starcursed masses
  4 hounds
  2 boggart zombies
  7 iguanas
  3 sleepcaps
  Natasha (thrice) (D:2)
  14 orc wizards
  12 hell rats
  A statue (D:4)
  A tengu zombie (Crypt:2)
  An acid dragon skeleton (Crypt:1)
  32 mummies
  Robin (D:2)
  11 gnolls
  11 adders
  A steam dragon zombie (Crypt:1)
  3 white imps
  6 ufetubi
  A worm (shapeshifter) (D:13)
  4 worms (D:2)
  The ghost of Caupytet the Shield-Bearer, a weakling FoFi (D:14)
  3 dart slugs
  68 orcs
  7 bats
  8 endoplasms
  A gnoll zombie (Crypt:1)
  19 goblins
  11 hobgoblins
  13 jackals
  21 kobolds
  5 quokkas
  9 ball pythons
  3 frilled lizards
  A hobgoblin skeleton (Crypt:2)
  A hobgoblin zombie (Crypt:2)
  A kobold skeleton (Crypt:1)
  7 rats
  A creeping inferno (Geh:5)
  10 fire vortices
  4 starspawn tentacles
  5 tentacles (Tar:7)
4673 creatures vanquished.

Vanquished Creatures (others)
  An Orb Guardian (Zot:5)
  A draconian knight (Zot:5)
  A fire giant (Geh:7)
  A frost giant (Coc:1)
  A wendigo (Coc:3)
  2 caustic shrike simulacra
  A stoker (Geh:7)
  A deep elf knight (Elf:1)
  A sun demon (Hell)
  2 spriggan simulacra
  A deep elf zephyrmancer (Elf:3)
  A deep elf pyromancer (Crypt:3)
  2 smoke demons
  An anaconda simulacrum (Coc:3)
  A tormentor (Geh:5)
  An iron giant simulacrum (Coc:7)
  A bloated husk (Swamp:2)
  A stone giant simulacrum (Hell)
  An iron dragon simulacrum (Coc:7)
  A dire elephant simulacrum (Coc:3)
  A centaur simulacrum (Hell)
  2 naga simulacra
  A golden eye (Abyss:4)
  A redback (Spider:1)
  2 chaos spawn (Pan)
  A neqoxec (Pan)
  A harpy simulacrum (Coc:7)
  An ettin simulacrum (Hell)
  A small abomination (Abyss:2)
  An earth elemental (Elf:3)
  An orc wizard (Vaults:5)
  6 ball lightnings (Pan)
  5 creeping infernos
  5 fire vortices
  20 foxfires
  4 starspawn tentacles
  3 tentacles (Tar:7)
79 creatures vanquished.

Grand Total: 4752 creatures vanquished

Notes
Turn   | Place    | Note
-------+----------+-------------------------------------------
     0 | D:1      | ojifijod the Naga Gladiator began the quest for the Orb.
     0 | D:1      | Reached XP level 1. HP: 19/19 MP: 1/1
    87 | D:1      | Reached XP level 2. HP: 25/26 MP: 2/2
   296 | D:1      | HP: 1/26 [hobgoblin (1)]
   459 | D:1      | Reached XP level 3. HP: 22/32 MP: 3/3
  1050 | D:2      | Reached XP level 4. HP: 34/39 MP: 4/4
  1098 | D:2      | Noticed Natasha
  1238 | D:2      | Killed Natasha
  1239 | D:2      | Reached skill level 5 in Unarmed Combat
  1419 | D:2      | Noticed Natasha
  1430 | D:2      | Killed Natasha
  1431 | D:2      | Reached XP level 5. HP: 15/45 MP: 5/5
  2035 | D:2      | Noticed Robin
  2042 | D:2      | Killed Robin
  2177 | D:2      | Noticed Natasha
  2183 | D:2      | Killed Natasha
  2539 | D:3      | Reached XP level 6. HP: 52/52 MP: 6/6
  2583 | D:3      | Noticed an ice beast
  2601 | D:3      | Killed an ice beast
  2907 | D:3      | Found a faded altar of an unknown god.
  2949 | D:3      | Found a bloodstained altar of Trog.
  3420 | D:4      | Reached XP level 7. HP: 60/60 MP: 7/7
  3502 | D:4      | Found Zin's Purification Station.
  3505 | D:4      | Found a glowing silver altar of Zin.
  3555 | D:4      | Found a radiant altar of Vehumet.
  4194 | D:5      | Entered Level 5 of the Dungeon
  4194 | D:5      | Found a broken altar of Ashenzari.
  4221 | D:5      | Found a runed translucent door.
  4374 | D:5      | Found a shimmering blue altar of Sif Muna.
  4609 | D:5      | Noticed Grinder
  4637 | D:5      | Killed Grinder
  4638 | D:5      | Reached XP level 8. HP: 29/67 MP: 8/8
  4824 | D:5      | Reached skill level 10 in Unarmed Combat
  5012 | D:5      | Found a sacrificial altar of Ru.
  5047 | D:5      | Noticed croobank's ghost (amateur DgSh)
  5057 | D:5      | Killed croobank's ghost
  5131 | D:5      | Found a runed translucent door.
  5144 | D:5      | Found a burning altar of Makhleb.
  5363 | D:6      | Found an ancient bone altar of Kikubaaqudgha.
  5387 | D:6      | Identified the +2 dagger of Gulor {freeze, Drain rElec rN++
                  | Stlth+}
  5784 | D:6      | Noticed Duvessa
  5784 | D:6      | Noticed Dowan
  5784 | D:6      | Noticed Edmund
  5920 | D:7      | Reached XP level 9. HP: 66/73 MP: 9/9
  6010 | D:7      | Found a staircase to the Ecumenical Temple.
  6017 | Temple   | Entered the Ecumenical Temple
  6042 | D:7      | Identified the +6 ring mail "Huphunik" {rN+++}
  6309 | D:6      | Killed Duvessa
  6317 | D:6      | Killed Dowan
  6705 | D:6      | Killed Edmund
  6998 | D:7      | Found Upnian's Antique Armour Boutique.
  7079 | D:7      | Found a stormy altar of Qazlal.
  7194 | D:7      | Found a hide-covered altar of Uskayaw.
  7287 | D:7      | Found a glowing golden altar of the Shining One.
  7292 | D:7      | Reached XP level 10. HP: 80/80 MP: 10/10
  7377 | D:8      | Noticed a two-headed ogre
  7427 | D:8      | Found a blossoming altar of Fedhas.
  7493 | D:8      | Paralysed by a hornet for 1 turns
  7666 | D:8      | Killed a two-headed ogre
  7840 | D:8      | Reached skill level 15 in Unarmed Combat
  8070 | D:8      | Noticed a two-headed ogre
  8075 | D:8      | Killed a two-headed ogre
  8194 | D:8      | Found an iron altar of Okawaru.
  8213 | D:8      | Became a worshipper of Warmaster Okawaru
  8247 | D:8      | Found a sparkling altar of Nemelex Xobeh.
  8263 | D:8      | Noticed Psyche
  8272 | D:8      | Killed Psyche
  8455 | D:8      | Found a white marble altar of Elyvilon.
  8566 | D:8      | Reached XP level 11. HP: 86/86 MP: 11/11
  8755 | D:9      | Found Cheibriados's Comfort Zone.
  8756 | D:9      | Found a snail-covered altar of Cheibriados.
  8788 | D:9      | Found a hazy altar of Hepliaklqana.
  9421 | D:9      | Noticed Grum
  9426 | D:9      | Reached * piety under Okawaru
  9450 | D:9      | Killed Grum
  9670 | D:9      | Reached skill level 1 in Invocations
  9980 | D:10     | Entered Level 10 of the Dungeon
 10078 | D:10     | Reached ** piety under Okawaru
 10288 | D:10     | Found a staircase to the Lair.
 10923 | D:11     | Noticed a two-headed ogre
 10932 | D:11     | Killed a two-headed ogre
 10932 | D:11     | Reached *** piety under Okawaru
 10933 | D:11     | Reached skill level 5 in Invocations
 11147 | D:11     | Reached XP level 12. HP: 81/93 MP: 13/16
 11159 | D:11     | Reached **** piety under Okawaru
 11160 | D:11     | Reached skill level 1 in Shapeshifting
 11187 | D:11     | Found a staircase to the Orcish Mines.
 11491 | D:11     | Reached ***** piety under Okawaru
 11797 | D:11     | Noticed a two-headed ogre
 11802 | D:11     | Killed a two-headed ogre
 11807 | D:11     | Received a gift from Okawaru
 12131 | Lair:1   | Entered Level 1 of the Lair of Beasts
 12169 | Lair:1   | Identified the +6 war axe of the Purple Skies {heavy, Str+5
                  | Dex+5}
 12237 | Lair:1   | Noticed a catoblepas
 12254 | Lair:1   | Killed a catoblepas
 12331 | Lair:1   | Reached skill level 5 in Dodging
 12914 | Lair:2   | Noticed a skyshark
 12924 | Lair:2   | Killed a skyshark
 12925 | Lair:2   | Gained mutation: You can use your snake-like lower body to
                  | constrict enemies. [Naga growth]
 12925 | Lair:2   | Reached XP level 13. HP: 90/99 MP: 19/19
 13183 | Lair:2   | Found a staircase to the Swamp.
 13192 | Lair:2   | Reached skill level 5 in Shapeshifting
 13378 | Lair:2   | Found a hole to the Spider Nest.
 13491 | Lair:2   | Received a gift from Okawaru
 13916 | Lair:3   | Reached skill level 10 in Invocations
 14373 | Lair:3   | Learned a level 1 spell: Apportation
 14376 | Lair:3   | Learned a level 2 spell: Blink
 14379 | Lair:3   | Learned a level 2 spell: Lesser Beckoning
 14726 | Lair:4   | Reached skill level 1 in Translocations
 14971 | Lair:4   | Received a gift from Okawaru
 15438 | Lair:4   | Found the +18 shield of the Gong {Loud rN+ Will+ rCorr
                  | EV-5}
 15659 | Lair:5   | Entered Level 5 of the Lair of Beasts
 15666 | Lair:5   | Reached XP level 14. HP: 108/108 MP: 22/22
 15722 | Lair:5   | Reached ****** piety under Okawaru
 15726 | Lair:5   | Acquired the +10 Black Knight's barding {ponderous, rPois
                  | rN+}
 15726 | Lair:5   | Received a gift from Okawaru
 15726 | Lair:5   | Found the +10 Black Knight's barding {ponderous, rPois rN+}
 16029 | Lair:5   | Received a gift from Okawaru
 16560 | Lair:5   | Found a staircase to the Slime Pits.
 16560 | Lair:5   | Found a viscous altar of Jiyva.
 16902 | Orc:1    | Entered Level 1 of the Orcish Mines
 17125 | Orc:2    | Entered Level 2 of the Orcish Mines
 17192 | Orc:2    | Reached skill level 5 in Translocations
 17223 | Orc:2    | Received a gift from Okawaru
 17322 | Orc:2    | Found a staircase to the Elven Halls.
 17523 | Orc:1    | Noticed Erica
 17550 | Orc:1    | Killed Erica
 17836 | Orc:2    | Found Xusyaff's Assorted Antiques.
 17836 | Orc:2    | Found Olaajej's Distillery.
 17836 | Orc:2    | Found Myjoum's Antique Weapon Boutique.
 17836 | Orc:2    | Found Calag's Assorted Antiques.
 17844 | Orc:2    | Received a gift from Okawaru
 17850 | Orc:2    | Reached skill level 10 in Shapeshifting
 17856 | Orc:2    | Reached XP level 15. HP: 110/114 MP: 24/24
 18861 | D:12     | Found an opulent altar of Gozag.
 18900 | D:13     | Noticed Rupert
 18900 | D:13     | Found a gate to the Vaults.
 19037 | D:13     | Noticed Kirke
 19095 | D:13     | Killed Kirke
 19095 | D:13     | Received a gift from Okawaru
 19180 | D:13     | Noticed a shadow dragon
 19191 | D:13     | Killed a shadow dragon
 19248 | D:13     | Killed Rupert
 19280 | D:13     | Received a gift from Okawaru
 19660 | D:13     | Reached skill level 5 in Throwing
 19786 | D:13     | Identified the +10 lajatang of the Changing Fool {venom,
                  | rF+ Str-5 Int+2}
 20079 | D:14     | Received a gift from Okawaru
 20133 | D:14     | Reached XP level 16. HP: 100/121 MP: 25/25
 20376 | D:14     | Found a radiant altar of Vehumet.
 20484 | D:14     | Found a runed translucent gate.
 20484 | D:14     | Noticed Caupytet's ghost (weakling FoFi)
 20485 | D:14     | Found a runed translucent gate.
 20486 | D:14     | Found a runed translucent gate.
 20497 | D:14     | Identified the +2 scale mail of Jigsaw {*Slow rF+ Will+}
 20747 | D:14     | Noticed Agnes
 20757 | D:14     | Killed Agnes
 20762 | D:14     | Identified the +0 rapier "Pendulum" {antimagic, rC++}
 20980 | D:15     | Entered Level 15 of the Dungeon
 20988 | D:15     | Found a gate leading to a gauntlet.
 21009 | D:15     | Found Hyleoduex's Antique Weapon Shop.
 21027 | Gauntlet | Entered a Gauntlet
 21027 | Gauntlet | Found a transporter.
 21035 | Gauntlet | Found a transporter.
 21037 | Gauntlet | Found a transporter.
 21039 | Gauntlet | Found a transporter.
 21050 | Gauntlet | Found a transporter.
 21065 | Gauntlet | Found a transporter.
 21072 | Gauntlet | Found a transporter.
 21087 | Gauntlet | Found a transporter.
 21106 | Gauntlet | Found a transporter.
 21115 | Gauntlet | Found a transporter.
 21130 | Gauntlet | Found a transporter.
 21142 | Gauntlet | Found a transporter.
 21154 | Gauntlet | Found a transporter.
 21171 | Gauntlet | Found a transporter.
 21188 | Gauntlet | Found a transporter.
 21190 | Gauntlet | Found a transporter.
 21222 | Gauntlet | Found a transporter.
 21222 | Gauntlet | Found a transporter.
 21255 | Gauntlet | Found the +7 great mace "Undeadhunter" {deathbane, rN+}
 21331 | Gauntlet | Identified the +1 cloak of the Seven Friends {rF+ rN+}
 21387 | Gauntlet | Identified a scroll of acquirement
 21394 | Gauntlet | Received a gift from Okawaru
 21513 | D:15     | Found a staircase to the Depths.
 21521 | Arena    | Entered the Arena
 21673 | D:15     | Found a stormy altar of Qazlal.
 22030 | D:15     | Found a basalt altar of Yredelemnul.
 22049 | D:15     | Received a gift from Okawaru
 22587 | D:15     | Acquired 732 gold pieces
 22783 | D:7      | Bought the +6 lightning scales {swift, rElec} for 2010 gold
                  | pieces
 22783 | D:7      | Found the +6 lightning scales {swift, rElec}
 22957 | Orc:2    | Bought a scroll of teleportation for 117 gold pieces
 22957 | Orc:2    | Bought a puce potion for 35 gold pieces
 22957 | Orc:2    | Bought a scroll of identify for 78 gold pieces
 22957 | Orc:2    | Bought a potion of curing for 117 gold pieces
 22959 | Orc:2    | Bought a potion of might for 56 gold pieces
 22959 | Orc:2    | Bought a potion of resistance for 140 gold pieces
 22960 | Orc:2    | Bought a scroll labelled MUIRYA ETOCH for 31 gold pieces
 22960 | Orc:2    | Bought a scroll of blinking for 232 gold pieces
 23123 | Swamp:1  | Entered Level 1 of the Swamp
 23167 | Swamp:1  | Learned a level 4 spell: Manifold Assault
 23171 | Swamp:1  | Learned a level 3 spell: Swiftness
 23403 | Swamp:1  | You fall into a shaft and drop 1 floor!
 23418 | Swamp:2  | Received a gift from Okawaru
 23568 | Swamp:2  | Reached skill level 1 in Air Magic
 23591 | Swamp:2  | Reached XP level 17. HP: 117/135 MP: 26/26
 23675 | Swamp:2  | Reached skill level 5 in Fighting
 24243 | Swamp:2  | Received a gift from Okawaru
 24743 | Swamp:3  | Identified the +7 war axe "Yfahois" {venom, Str+4}
 24790 | Swamp:3  | Noticed Bai Suzhen
 24801 | Swamp:3  | Killed Bai Suzhen
 25243 | Swamp:4  | Entered Level 4 of the Swamp
 25473 | Swamp:4  | Reached skill level 5 in Air Magic
 25544 | Swamp:4  | Identified the +3 plate armour "Quseag" {+Inv rPois}
 25744 | Swamp:4  | Acquired the +3 lajatang "Usufurics" {speed, Fly rF+++
                  | Str-2}
 25744 | Swamp:4  | Received a gift from Okawaru
 25816 | Swamp:4  | Noticed the 27-headed Lernaean hydra
 26019 | Swamp:4  | Killed the 27-headed Lernaean hydra
 26019 | Swamp:4  | Received a gift from Okawaru
 26195 | Swamp:4  | Got a decaying rune of Zot
 26535 | Spider:1 | Entered Level 1 of the Spider Nest
 26609 | Spider:1 | Acquired 862 gold pieces
 26798 | Spider:1 | Reached skill level 10 in Fighting
 26800 | Spider:1 | Reached XP level 18. HP: 160/160 MP: 27/27
 27379 | Spider:1 | Received a gift from Okawaru
 27450 | Spider:1 | Identified the amulet "Waleus" {Reflect rPois rCorr Str-2
                  | Dex+7 SH+5}
 27524 | Spider:1 | Reached skill level 10 in Translocations
 27778 | Spider:2 | Identified the +3 dagger "Jerarph" {drain, rN+ Will+
                  | Stlth+}
 28548 | Spider:3 | Identified the serpent talisman of Polish {rPois Will+++
                  | SInv Stlth-}
 28548 | Spider:3 | Noticed Aizul
 28906 | Spider:3 | Killed Aizul
 28921 | Spider:3 | HP: 5/168 [wolf spider simulacrum (30)]
 29040 | Spider:3 | Identified the staff of the Revolution {rN+ Str+3 Int+3
                  | Dex-3 Necro}
 29076 | Spider:3 | Received a gift from Okawaru
 29230 | Spider:3 | Noticed Mlioglotl
 29756 | Spider:3 | Received a gift from Okawaru
 29786 | Spider:3 | Killed Mlioglotl
 29930 | Spider:4 | Entered Level 4 of the Spider Nest
 30488 | Spider:4 | Reached XP level 19. HP: 182/182 MP: 24/28
 30802 | Arena    | Entered the Arena
 30852 | Spider:4 | Reached skill level 15 in Fighting
 30953 | Spider:4 | Got a gossamer rune of Zot
 31488 | D:14     | Killed Caupytet's ghost
 31666 | Vaults:1 | Entered Level 1 of the Vaults
 31687 | Vaults:1 | Received a gift from Okawaru
 31713 | Vaults:1 | Noticed Zenata
 31729 | Vaults:1 | Killed Zenata
 31730 | Vaults:1 | Reached skill level 1 in Stealth
 31806 | Vaults:1 | Noticed Asterion
 31811 | Vaults:1 | Killed Asterion
 31869 | Vaults:1 | Reached skill level 5 in Stealth
 31984 | Vaults:1 | Received a gift from Okawaru
 32232 | Vaults:1 | Noticed Norris
 32238 | Arena    | Entered the Arena
 32248 | Arena    | Killed Norris
 33097 | Desolati | Identified the "Taupe"
 33097 | Desolati | Identified the of Jakoagy
 33097 | Desolati | Identified the "Omulaer"
 33124 | Vaults:2 | Found a crumbling gateway.
 33132 | Vaults:2 | Reached XP level 20. HP: 163/204 MP: 29/29
 33150 | Desolati | Entered the Desolation of Salt
 33215 | Desolati | Identified the +6 quarterstaff "Casoclog" {elec, Str+3
                  | Dex+5 Stlth+}
 33293 | Desolati | Received a gift from Okawaru
 33334 | Desolati | Identified the +1 scale mail of Myezuqewk {Drain +Blink
                  | +Inv Stlth+}
 33532 | Desolati | Identified the ring "Imaomm" {rPois rN+ AC+4 Slay+5}
 33538 | Desolati | Identified the staff "Haplowk" {Drain Fragile rElec rPois
                  | rF+ Fire}
 33568 | Desolati | Identified the amulet "Tyalor" {Faith Will+ Regen+}
 33582 | Desolati | Identified the ring of Noon {rN+ Int+6 Dex+4 Stlth-}
 33597 | Desolati | Identified the +10 rapier "Eheetz" {venom, rElec rPois
                  | Int-2}
 33752 | Desolati | Identified the +1 scale mail "Xufat" {Contam Dex+5}
 33755 | Desolati | Identified the +1 scale mail "Opeajix" {rElec rC+}
 33763 | Desolati | Received a gift from Okawaru
 34426 | Vaults:2 | Received a gift from Okawaru
 34773 | Vaults:2 | Found Oschaem's Jewellery Shoppe.
 34968 | Vaults:2 | Received a gift from Okawaru
 35407 | Vaults:3 | Found Axzohyg's Jewellery Boutique.
 35510 | Vaults:3 | Reached XP level 21. HP: 220/220 MP: 30/30
 36236 | Vaults:3 | Received a gift from Okawaru
 36289 | Vaults:3 | Found Siadow's Antique Armour Shoppe.
 36846 | Vaults:3 | Received a gift from Okawaru
 36847 | Vaults:3 | Found a staircase to the Crypt.
 37057 | Vaults:3 | Found Jodyfusk's Armour Shoppe.
 37113 | Vaults:3 | Noticed Xtahua
 37127 | Vaults:3 | Killed Xtahua
 37620 | Vaults:4 | Received a gift from Okawaru
 38281 | Vaults:4 | Received a gift from Okawaru
 38347 | Vaults:4 | Identified the +6 arbalest "Nutur" {freeze, +Blink rElec
                  | Str+4}
 38416 | Vaults:4 | Identified the +3 long sword of a bailey {freeze, rPois
                  | Str+3 Int+5 Stlth+}
 38692 | Vaults:4 | Reached XP level 22. HP: 237/237 MP: 31/31
 38976 | Crypt:1  | Identified the "Biaddis"
 38976 | Crypt:3  | Identified the of Fedaafy
 38976 | Depths:1 | Entered Level 1 of the Depths
 39000 | Depths:1 | Received a gift from Okawaru
 39107 | Depths:1 | Received a gift from Okawaru
 39184 | Depths:1 | Found Ayus's Alliterative Armaments.
 39208 | Depths:1 | Found a gateway to Hell.
 39599 | Depths:1 | Found Mocunule's General Store.
 39607 | Depths:1 | Bought a potion of might for 52 gold pieces
 39607 | Depths:1 | Bought 2 potions of curing for 78 gold pieces
 39607 | Depths:1 | Bought a scroll of teleportation for 39 gold pieces
 39607 | Depths:1 | Bought a potion of heal wounds for 65 gold pieces
 39699 | Depths:1 | Found a shimmering blue altar of Sif Muna.
 39731 | Depths:1 | Received a gift from Okawaru
 39853 | Depths:1 | Found a one-way gate to the infinite horrors of the Abyss.
 40326 | Depths:2 | Received a gift from Okawaru
 40353 | Depths:2 | Found a runed translucent door.
 40362 | Depths:2 | Found a runed translucent door.
 40363 | Depths:2 | Found a runed translucent door.
 40384 | Depths:2 | Noticed a juggernaut
 40384 | Depths:2 | Noticed a juggernaut
 40392 | Depths:2 | Killed a juggernaut
 40398 | Depths:2 | Killed a juggernaut
 40468 | Depths:2 | Noticed a golden dragon
 40475 | Depths:2 | Killed a golden dragon
 40499 | Depths:2 | Received a gift from Okawaru
 40591 | Depths:2 | Reached XP level 23. HP: 220/250 MP: 32/32
 40965 | Depths:2 | Found a runed translucent door.
 40965 | Depths:2 | Noticed pokeman's ghost (adept DEHW)
 40990 | Depths:2 | Found a one-way gate leading to the halls of Pandemonium.
 41026 | Depths:2 | Received a gift from Okawaru
 41399 | Depths:2 | Killed pokeman's ghost
 41541 | Depths:3 | Noticed Parghit
 41752 | Depths:2 | Received a gift from Okawaru
 41859 | Depths:3 | Found a one-way gateway to a ziggurat.
 42091 | Depths:3 | Killed Parghit
 42153 | Depths:3 | Received a gift from Okawaru
 42200 | Depths:3 | Identified the +6 hand axe of Infinite Pain {flame, rElec
                  | rC- rN+++ Will-}
 42239 | Depths:3 | Noticed Louise
 42243 | Depths:3 | Killed Louise
 42269 | Depths:3 | Found Xauca's Book Emporium.
 42275 | Depths:3 | Identified the ring of Demp {rF+ Will+ EV+5 Dex+4}
 42700 | Depths:3 | Found a shimmering altar of Xom.
 43022 | Depths:4 | Identified the of Womisu
 43022 | Depths:4 | Entered Level 4 of the Depths
 43198 | Depths:4 | Noticed a golden dragon
 43216 | Depths:4 | Killed a golden dragon
 43240 | Depths:4 | Noticed a juggernaut
 43260 | Depths:4 | Killed a juggernaut
 43405 | Depths:4 | Noticed a caustic shrike
 43406 | Depths:4 | Noticed a caustic shrike
 43413 | Depths:4 | Noticed a caustic shrike
 43415 | Depths:4 | Killed a caustic shrike
 43415 | Depths:4 | Received a gift from Okawaru
 43420 | Depths:4 | Killed a caustic shrike
 43420 | Depths:4 | Noticed a caustic shrike
 43424 | Depths:4 | Killed a caustic shrike
 43436 | Depths:4 | Killed a caustic shrike
 43437 | Depths:4 | Reached XP level 24. HP: 204/265 MP: 32/32
 43681 | Depths:4 | Found a gate to the Realm of Zot.
 44283 | Elf:1    | Identified the "Ritejoel"
 44283 | Elf:1    | Entered Level 1 of the Elven Halls
 44305 | Elf:1    | Reached skill level 1 in Armour
 44409 | Elf:1    | Received a gift from Okawaru
 44533 | Elf:1    | Noticed Roxanne
 44543 | Elf:1    | Killed Roxanne
 44964 | Elf:1    | Reached skill level 5 in Armour
 45265 | Elf:2    | Received a gift from Okawaru
 45749 | Elf:2    | Found a runed translucent gate.
 45750 | Elf:2    | Found a runed translucent gate.
 45750 | Elf:2    | Found a runed translucent gate.
 45782 | Elf:2    | Received a gift from Okawaru
 46120 | Elf:3    | Identified the of Xumizxup
 46120 | Elf:3    | Entered Level 3 of the Elven Halls
 46553 | Elf:3    | Received a gift from Okawaru
 46738 | Elf:3    | Reached XP level 25. HP: 263/277 MP: 24/32
 46912 | Elf:3    | Identified the +1 shortbow of Dostof {speed, Will+ rCorr
                  | Str+2 Stlth-}
 46937 | Elf:3    | Identified the staff of the Girdle {rCorr Earth}
 46967 | Elf:3    | Identified the ring of Xom's Capriciousness {rF++ rC+ MP+9
                  | Int+3 Dex+3}
 46994 | Elf:3    | Identified the +6 chain mail of Wu Jian's Whim {rPois
                  | Will+}
 47005 | Elf:3    | Identified the +2 triple sword "Trog's Vengeance" {venom,
                  | Will+}
 47047 | Elf:3    | Identified the +7 spear of Sostruhapp {flame, rN+++ rCorr
                  | Dex-5 Stlth+}
 47063 | Elf:3    | Received a gift from Okawaru
 47080 | Elf:3    | Identified the +5 scale mail "Derhur" {Str+3 Int+9}
 47096 | Elf:3    | Identified the +3 whip of Certain Death {spect, rF++ rCorr
                  | Int+2}
 47146 | Elf:3    | Identified the ring "Ijuheoth" {rElec Will+ rCorr Dex+3}
 47403 | Orc:2    | Bought a potion of magic for 112 gold pieces
 47403 | Orc:2    | Bought a potion of ambrosia for 112 gold pieces
 47403 | Orc:2    | Bought a potion of attraction for 42 gold pieces
 47403 | Orc:2    | Bought a potion of brilliance for 56 gold pieces
 47403 | Orc:2    | Bought a potion of haste for 140 gold pieces
 47403 | Orc:2    | Bought a potion of curing for 42 gold pieces
 47403 | Orc:2    | Bought 2 potions of berserk rage for 140 gold pieces
 47406 | Orc:2    | Bought a potion of attraction for 93 gold pieces
 47406 | Orc:2    | Bought a potion of attraction for 93 gold pieces
 47406 | Orc:2    | Bought 2 scrolls of revelation for 465 gold pieces
 47635 | D:4      | Bought a potion of curing for 90 gold pieces
 47820 | D:9      | Bought the +3 hat of Pondering {ponderous, Will+ MP+10
                  | Int+5} for 495 gold pieces
 47820 | D:9      | Found the +3 hat of Pondering {ponderous, Will+ MP+10
                  | Int+5}
 47985 | Depths:1 | Bought a potion of brilliance for 52 gold pieces
 47985 | Depths:1 | Bought a potion of ambrosia for 104 gold pieces
 48675 | Vaults:5 | Entered Level 5 of the Vaults
 48757 | Vaults:4 | Received a gift from Okawaru
 49005 | Vaults:5 | Noticed an ancient lich
 49012 | Vaults:5 | Killed an ancient lich
 49020 | Vaults:5 | Identified the ring "Micwut" {Ice Dex+2}
 49025 | Vaults:5 | Received a gift from Okawaru
 49102 | Vaults:5 | Noticed a dread lich
 49106 | Vaults:5 | Killed a dread lich
 49118 | Vaults:5 | Reached skill level 27 in Fighting
 49118 | Vaults:5 | Reached skill level 10 in Armour
 49122 | Vaults:5 | Reached skill level 27 in Unarmed Combat
 49132 | Vaults:5 | Identified the +4 war axe "Tattletale" {freeze, Drain rElec
                  | rC+++}
 49147 | Vaults:5 | Noticed a dread lich
 49149 | Vaults:5 | Identified the ring of Vad Ubigel {Ice Will+ Dex+4}
 49160 | Vaults:5 | Killed a dread lich
 49160 | Vaults:5 | Received a gift from Okawaru
 49230 | Vaults:5 | Found the ring of the Octopus King
 49237 | Vaults:5 | Identified a ring of the Octopus King {rCorr HP+2 AC+2 EV+2
                  | SH+2}
 49543 | Vaults:5 | Received a gift from Okawaru
 49655 | Vaults:5 | Identified the +6 falchion of Peril {speed, rC+ Will+
                  | Str+3}
 49678 | Vaults:5 | Got a silver rune of Zot
 49696 | Vaults:5 | Reached XP level 26. HP: 285/286 MP: 32/32
 49712 | Vaults:5 | Noticed a dread lich
 49718 | Vaults:5 | Killed a dread lich
 49903 | Vaults:5 | Identified the ring "Nutil" {rElec rF+ Dex+3 SInv}
 50091 | Vaults:5 | Noticed a dread lich
 50097 | Vaults:5 | Killed a dread lich
 50188 | Vaults:5 | Received a gift from Okawaru
 50526 | D:9      | Fell from the grace of Okawaru
 50526 | D:9      | Became a worshipper of Cheibriados the Contemplative
 50709 | D:15     | Learned a level 3 spell: Ozocubu's Armour
 50918 | Crypt:1  | Entered Level 1 of the Crypt
 51148 | Crypt:1  | Reached * piety under Cheibriados
 51396 | Crypt:1  | Reached ** piety under Cheibriados
 52015 | Crypt:2  | Reached *** piety under Cheibriados
 52293 | Crypt:2  | Reached **** piety under Cheibriados
 52624 | Crypt:1  | Found an ancient bone altar of Kikubaaqudgha.
 52638 | Crypt:3  | Entered Level 3 of the Crypt
 52692 | Crypt:3  | Reached skill level 10 in Dodging
 52911 | Crypt:3  | Reached ***** piety under Cheibriados
 52990 | Crypt:3  | Noticed an ancient lich
 52999 | Crypt:3  | Killed an ancient lich
 53096 | Crypt:3  | Identified the ring of Conformity {rPois Dex+6}
 53128 | Crypt:3  | Identified the +4 morningstar "Miskequt" {elec, rElec
                  | Int+4}
 53451 | Crypt:3  | Found a staircase to the Tomb.
 53897 | Crypt:3  | Reached XP level 27. HP: 285/298 MP: 32/32
 54783 | Zot:1    | Entered Level 1 of the Realm of Zot
 56711 | Zot:2    | Reached skill level 15 in Shapeshifting
 57155 | Zot:3    | Identified the "Oqaps"
 57602 | Zot:3    | You fall into a shaft and drop 1 floor!
 57602 | Zot:4    | Identified the of Sohix
 57623 | Zot:4    | Reached ****** piety under Cheibriados
 57900 | Zot:4    | Identified the +8 great mace "Urecoxkim" {speed, rF+ Will+
                  | Str+2}
 58003 | Zot:4    | Was forgiven by Okawaru
 58715 | Zot:3    | Found a shimmering blue altar of Sif Muna.
 59216 | Zot:5    | Entered Level 5 of the Realm of Zot
 59652 | Zot:5    | Noticed an ancient lich
 59653 | Zot:5    | Noticed an orb of fire
 59657 | Zot:5    | Noticed a dread lich
 59662 | Zot:5    | Noticed an ancient lich
 59668 | Zot:5    | Killed an ancient lich
 59670 | Zot:5    | Noticed an orb of fire
 59672 | Zot:5    | Killed a dread lich
 59672 | Zot:5    | Gained mutation: You sometimes lose your temper in combat.
                  | [an orb of fire]
 59676 | Zot:5    | Killed an orb of fire
 59678 | Zot:5    | Killed an orb of fire
 59679 | Zot:5    | Found the +4 dragonskin cloak
 59679 | Zot:5    | Noticed Tiamat
 59680 | Zot:5    | Killed an ancient lich
 59934 | Zot:5    | HP: 5/298 [Orb Guardian (22)]
 60156 | Zot:5    | Killed Tiamat
 60394 | Zot:5    | Gained mutation: You are weak. (Str -2) [mutagenic glow]
 60408 | Zot:5    | Gained mutation: You have a pair of small antennae on your
                  | head. [mutagenic glow]
 60845 | Depths:4 | Lost mutation: You are weak. (Str -2) [potion of mutation]
 60845 | Depths:4 | Lost mutation: You sometimes lose your temper in combat.
                  | [potion of mutation]
 60845 | Depths:4 | Gained mutation: You passively dampen the noise of your
                  | surroundings. [potion of mutation]
 61544 | Vaults:3 | Bought the talisman of death "Selatz" {Str+4 Int+3} for
                  | 3145 gold pieces
 61910 | Slime:1  | Entered Level 1 of the Pits of Slime
 63389 | Slime:4  | Reached skill level 1 in Ice Magic
 63668 | Slime:5  | Identified the "Ecuetuptu"
 63668 | Slime:5  | Identified the of Xuthef
 63668 | Slime:5  | Entered Level 5 of the Pits of Slime
 63708 | Slime:5  | Noticed the Royal Jelly
 63714 | Slime:5  | Killed the Royal Jelly
 63818 | Slime:5  | Identified the ring "Ivis" {rF+ rC+}
 63820 | Slime:5  | Found the dreamshard necklace {Acrobat *Dream}
 63829 | Slime:5  | Identified the +0 pair of gloves of the New World {+Inv
                  | rPois Str-3 Dex-2}
 63915 | Slime:5  | Identified the +4 scimitar "Jeojol Xaof" {venom, +Blink
                  | rPois Will++ Str+3}
 63955 | Slime:5  | Got a slimy rune of Zot
 63998 | Slime:5  | Identified the +0 falchion of Ovoyna {flame, rF+++ rCorr
                  | Str-4 Dex-4}
 64793 | Hell     | Entered the Vestibule of Hell
 64793 | Hell     | Noticed Geryon
 64802 | Hell     | Killed Geryon
 64816 | Hell     | Reached skill level 1 in Shields
 64842 | Hell     | Found a gateway to the Iron City of Dis.
 64886 | Hell     | Reached skill level 5 in Ice Magic
 65054 | Hell     | Found a gateway to the decaying netherworld of Tartarus.
 65136 | Hell     | Found a gateway to the freezing wastes of Cocytus.
 65294 | Hell     | Found a gateway to the ashen valley of Gehenna.
 65489 | Tomb:3   | Identified the "Bubbousm"
 65489 | Tar:1    | Entered Level 1 of Tartarus
 65625 | Tar:2    | Noticed a dread lich
 65631 | Tar:2    | Killed a dread lich
 66131 | Tar:3    | Reached skill level 5 in Shields
 66574 | Tar:5    | Reached skill level 15 in Armour
 67294 | Tar:7    | Identified the "Bedab"
 67294 | Tar:7    | Entered Level 7 of Tartarus
 68552 | Tar:7    | Identified the ring of the Ancients {rC+ Will+ Str+4}
 68807 | Tar:7    | Identified the staff of Winter {rF+ rN+ Int+3 Dex+2 Stlth-
                  | Fire}
 68865 | Tar:7    | Noticed the Serpent of Hell
 68877 | Tar:7    | Killed the Serpent of Hell
 68915 | Tar:7    | Noticed Ereshkigal
 68925 | Tar:7    | Killed Ereshkigal
 68926 | Tar:7    | Reached skill level 10 in Shields
 69029 | Tar:7    | Identified the +12 halberd of the Sun {flame, *Noise Dex+3
                  | Stlth+}
 69033 | Tar:7    | Identified the +5 war axe of the Eternal Warrior {heavy,
                  | *Rage rElec rC++ Str+2}
 69034 | Tar:7    | Identified the staff of Unpleasantness {rPois rC+ Str+4
                  | Ice}
 69037 | Tar:7    | Got a bone rune of Zot
 69609 | Geh:1    | Entered Level 1 of Gehenna
 69704 | Geh:1    | Reached skill level 15 in Dodging
 69727 | Geh:1    | Noticed a dread lich
 69731 | Geh:1    | Killed a dread lich
 70779 | Geh:6    | Noticed a juggernaut
 70783 | Geh:6    | Killed a juggernaut
 70817 | Geh:6    | Noticed a juggernaut
 70834 | Geh:6    | Noticed a juggernaut
 70835 | Geh:6    | Killed a juggernaut
 70854 | Geh:6    | Killed a juggernaut
 70858 | Geh:6    | Noticed a juggernaut
 70880 | Geh:6    | Killed a juggernaut
 70881 | Geh:6    | Reached skill level 15 in Invocations
 71108 | Geh:7    | Entered Level 7 of Gehenna
 71824 | Geh:7    | Identified the +9 short sword of Fedhas's Envy {freeze,
                  | rPois rC- Str+2}
 72169 | Geh:7    | Found the +13 sceptre of Asmodeus
 72169 | Geh:7    | Noticed Asmodeus
 72175 | Geh:7    | Reached skill level 15 in Shields
 72185 | Geh:7    | Killed Asmodeus
 72261 | Geh:7    | Got an obsidian rune of Zot
 72544 | Coc:1    | Entered Level 1 of Cocytus
 72544 | Coc:1    | Noticed an ancient lich
 72556 | Coc:1    | Killed an ancient lich
 73233 | Coc:4    | Noticed a dread lich
 73248 | Coc:4    | Killed a dread lich
 73458 | Coc:5    | Paralysed by a wendigo for 1 turns
 73975 | Coc:7    | Entered Level 7 of Cocytus
 74457 | Coc:7    | Paralysed by a wendigo for 1 turns
 74524 | Coc:7    | Noticed Antaeus
 74544 | Coc:7    | Killed Antaeus
 74559 | Coc:7    | Identified the ring "Xoant" {Will+ Str-4 Int+2 SInv}
 74561 | Coc:7    | Identified the +1 ring mail "Apsautur" {rPois Str+3 Int+2}
 74566 | Coc:7    | Got an icy rune of Zot
 74800 | Dis:1    | Entered Level 1 of the Iron City of Dis
 76649 | Dis:7    | Entered Level 7 of the Iron City of Dis
 77005 | Dis:7    | Noticed a juggernaut
 77010 | Dis:7    | Killed a juggernaut
 77193 | Dis:7    | Noticed a juggernaut
 77203 | Dis:7    | Killed a juggernaut
 77408 | Dis:7    | Noticed Dispater
 77409 | Dis:7    | Noticed a juggernaut
 77425 | Dis:7    | Killed Dispater
 77439 | Dis:7    | Killed a juggernaut
 77477 | Dis:7    | Identified the +7 great mace "Fedec" {flame, rC+ Int+2}
 77481 | Dis:7    | Got an iron rune of Zot
 78808 | Pan      | Entered Pandemonium
 78867 | Pan      | Noticed Mennas
 78875 | Pan      | Killed Mennas
 79185 | Pan      | Noticed Jonot the pandemonium lord
 79193 | Pan      | Killed Jonot the pandemonium lord
 79247 | Pan      | Got a demonic rune of Zot
 79359 | Pan      | Identified the of Hekh
 79385 | Pan      | Noticed Nufeurr the pandemonium lord
 79392 | Pan      | Killed Nufeurr the pandemonium lord
 79673 | Pan      | Found an exit through the horrors of the Abyss.
 79743 | Pan      | Entered the realm of Mnoleg.
 79888 | Pan      | Noticed Mnoleg
 79904 | Pan      | Killed Mnoleg
 80060 | Pan      | Got a glowing rune of Zot
 80294 | Pan      | Found a huge runed translucent gate.
 80672 | Pan      | Identified the of Olimeur
 80672 | Pan      | Identified the of Ysereg
 80672 | Pan      | Identified the "Jent"
 80953 | Pan      | Identified the "Weitsun"
 80953 | Pan      | Entered the realm of Cerebov.
 81006 | Pan      | Found the +6 sword of Cerebov {flame}
 81006 | Pan      | Noticed Cerebov
 81043 | Pan      | Killed Cerebov
 81066 | Pan      | Got a fiery rune of Zot
 81126 | Pan      | Identified the staff of Jeegrede {Dex+3 SInv Stlth+ Conj}
 81324 | Pan      | Noticed Tonus the pandemonium lord
 81344 | Pan      | Killed Tonus the pandemonium lord
 81349 | Pan      | Entered the realm of Lom Lobon.
 81513 | Pan      | Noticed Lom Lobon
 81539 | Pan      | Killed Lom Lobon
 81546 | Pan      | Got a magical rune of Zot
 81823 | Pan      | Noticed Faurup the pandemonium lord
 81834 | Pan      | Killed Faurup the pandemonium lord
 81965 | Pan      | Entered the realm of Gloorx Vloq.
 82176 | Pan      | Noticed Gloorx Vloq
 82184 | Pan      | Killed Gloorx Vloq
 82216 | Pan      | Got a dark rune of Zot
 82459 | Pan      | Found an exit through the horrors of the Abyss.
 82469 | Pan      | Took an exit into the Abyss.
 82469 | Abyss:1  | Escaped into the Abyss
 82471 | Abyss:1  | Found a corrupted altar of Lugonu.
 82574 | Abyss:1  | Paralysed by accursed screaming for 1 turns
 82577 | Abyss:1  | Paralysed by accursed screaming for 2 turns
 82587 | Abyss:1  | Paralysed by accursed screaming for 1 turns
 82889 | Abyss:2  | Found an iron altar of Okawaru.
 82992 | Abyss:3  | Found a corrupted altar of Lugonu.
 83007 | Abyss:3  | Found a corrupted altar of Lugonu.
 83599 | Abyss:4  | Found a hazy altar of Hepliaklqana.
 83617 | Abyss:4  | Found a hazy altar of Hepliaklqana.
 83742 | Abyss:4  | Paralysed by accursed screaming for 2 turns
 83754 | Abyss:4  | Paralysed by accursed screaming for 2 turns
 83834 | Abyss:4  | Found a glowing golden altar of the Shining One.
 83876 | Abyss:4  | Noticed a juggernaut
 83886 | Abyss:4  | Killed a juggernaut
 83890 | Abyss:4  | Got an abyssal rune of Zot
 83894 | Depths:2 | Escaped the Abyss
 84215 | Tomb:1   | Entered Level 1 of the Tomb of the Ancients
 85341 | Tomb:1   | Noticed a royal mummy
 85341 | Tomb:1   | Noticed a royal mummy
 85351 | Tomb:1   | Noticed a royal mummy
 85357 | Tomb:1   | Killed a royal mummy
 85370 | Tomb:1   | Killed a royal mummy
 85385 | Tomb:1   | Killed a royal mummy
 85673 | Tomb:2   | Noticed a royal mummy
 85682 | Tomb:2   | Noticed a royal mummy
 85686 | Tomb:2   | Noticed a royal mummy
 85687 | Tomb:2   | Noticed a royal mummy
 85688 | Tomb:2   | Killed a royal mummy
 85899 | Tomb:2   | Killed a royal mummy
 85911 | Tomb:2   | Killed a royal mummy
 86012 | Tomb:2   | Killed a royal mummy
 86177 | Tomb:1   | Noticed a royal mummy
 86177 | Tomb:1   | Noticed a royal mummy
 86181 | Tomb:1   | Killed a royal mummy
 86195 | Tomb:1   | Killed a royal mummy
 86238 | Tomb:1   | Noticed a royal mummy
 86238 | Tomb:1   | Noticed a royal mummy
 86242 | Tomb:1   | Killed a royal mummy
 86251 | Tomb:1   | Killed a royal mummy
 86260 | Tomb:1   | Noticed a royal mummy
 86263 | Tomb:1   | Killed a royal mummy
 86286 | Tomb:1   | Noticed a royal mummy
 86293 | Tomb:1   | Killed a royal mummy
 86302 | Tomb:1   | Noticed a royal mummy
 86319 | Tomb:1   | Killed a royal mummy
 86322 | Tomb:1   | Noticed a royal mummy
 86324 | Tomb:1   | Noticed a royal mummy
 86327 | Tomb:1   | Killed a royal mummy
 86334 | Tomb:1   | Killed a royal mummy
 86355 | Tomb:1   | Noticed a royal mummy
 86356 | Tomb:1   | Noticed a royal mummy
 86360 | Tomb:1   | Killed a royal mummy
 86365 | Tomb:1   | Killed a royal mummy
 86380 | Tomb:1   | Noticed a royal mummy
 86385 | Tomb:1   | Killed a royal mummy
 86422 | Tomb:1   | Noticed a royal mummy
 86432 | Tomb:1   | Killed a royal mummy
 86474 | Tomb:3   | Entered Level 3 of the Tomb of the Ancients
 86497 | Tomb:3   | Noticed a royal mummy
 86503 | Tomb:3   | Noticed a royal mummy
 86503 | Tomb:3   | Noticed a royal mummy
 86512 | Tomb:3   | Killed a royal mummy
 86560 | Tomb:3   | Noticed a royal mummy
 86564 | Tomb:3   | Killed a royal mummy
 86586 | Tomb:3   | Noticed a royal mummy
 86597 | Tomb:3   | Killed a royal mummy
 86612 | Tomb:3   | Killed a royal mummy
 86620 | Tomb:3   | Noticed a royal mummy
 86626 | Tomb:3   | Killed a royal mummy
 86630 | Tomb:3   | Noticed a royal mummy
 86636 | Tomb:3   | Noticed a royal mummy
 86643 | Tomb:3   | Killed a royal mummy
 86648 | Tomb:3   | Killed a royal mummy
 86654 | Tomb:3   | Killed a royal mummy
 86662 | Tomb:3   | Noticed a royal mummy
 86678 | Tomb:3   | Killed a royal mummy
 86706 | Tomb:3   | Got a golden rune of Zot
 86727 | Tomb:3   | Found the -2 hat of the Alchemist {rElec rPois rF+ rC+ rN+
                  | Will+ rMut rCorr}
 86753 | Tomb:3   | Identified the amulet "Yguusch" {RegenMP Int+3 Slay+3}
 86757 | Tomb:3   | Identified the +9 fire dragon scales of Saacumpi {Harm rF++
                  | rC- rN++ Dex+3}
 86765 | Tomb:3   | Identified the ring of the Heavens {rPois rCorr Stlth+}
 87709 | Zot:5    | Got the Orb of Zot
 87779 | Zot:4    | Noticed Otisamp the pandemonium lord
 87790 | Zot:4    | Killed Otisamp the pandemonium lord
 87975 | Depths:3 | Noticed Heocwub the pandemonium lord
 87987 | Depths:3 | Killed Heocwub the pandemonium lord
 88172 | D:10     | Noticed Meni the pandemonium lord
 88178 | D:10     | Killed Meni the pandemonium lord
 88438 | D:$      | Escaped with the Orb!

Illustrated notes

Levels and vault maps discovered:
D:1:      wander_arrival_chamber, layout_rooms, minmay_3d_cube
D:2:      layout_loops_corners, wad_floor_pattern_1, uniq_natasha, uniq_robin
D:3:      layout_rooms, mainiacjoe_overflow_alcove_4,
          dreamdust_ecumenical_altar_hidden_monk_grotto
D:4:      layout_basic, zin_purify, vehumet_statue, minmay_cupped
D:5:      layout_rooms, nicolae_ashenzari_skybound,
          mainiacjoe_overflow_cross_hatched, nicolae_overflow_crystal_walls,
          overflow_temple_1_default, ebering_ghost_sewer_f, uniq_grinder
D:6:      layout_cave_pools, pf_just_have_faith, fountainhead,
          chequers_serial_rivers_micro_b, kennysheep_generic_room_8,
          uniq_duvessa, uniq_edmund
D:7:      layout_rooms, nicolae_uskayaw_dance_studio, lemuel_doored_altar,
          old_standard_altar, minmay_temple_entry_proselytizer, serial_shops,
          nicolae_shop_behind_doors, corexii_item_surrounded_by_moat
D:8:      layout_basic, mainiacjoe_overflow_boulevard,
          mainiacjoe_overflow_alcove_1, kennysheep_okawaru_gauntlet,
          fedhas_altar_1, uniq_psyche
D:9:      layout_roguey, nicolae_overflow_hidden_temple, supply_closet_lemuel,
          minmay_shop_chei, uniq_grum
D:10:     layout_loops_ring, lair_entry_dummy
D:11:     layout_irregular_city, kennysheep_orc_monster_closet_entryway,
          serial_undead, serial_undead_d, serial_undead_d, serial_undead_e,
          serial_undead_b
D:12:     layout_big_octagon, nicolae_gozag_cash_rules_everything_around_me
D:13:     minmay_octo_star, layout_basic, david_vaults_3, uniq_kirke
D:14:     layout_irregular_city, biasface_ghost_orc_armoury, old_standard_altar,
          minmay_misc_feat_cross, minmay_fractal_squares_gapless_5, uniq_agnes
D:15:     gammafunk_depths_entry_grave, layout_loops_corners,
          gauntlet_entry_generic, portal_ice_cave_entry_pillars_four,
          serial_shops, shop, nicolae_qazlal_style_of_elements,
          nicolae_yredelemnul_corpse_copse
Temple:   hellmonk_temple_beads
Lair:1:   layout_misc_corridors, serial_bayou_shore_b
Lair:2:   layout_regular_city, minmay_swamp_entry_wisps,
          spider_nest_entry_funnel_web
Lair:3:   layout_chaotic_city, kennysheep_catoblepas_arena, grunt_megastairs_2
Lair:4:   layout_cave_pods
Lair:5:   guppyfry_lair_end_dragon, layout_gridlike, slime_entry_1,
          grunt_megastairs_5
Swamp:1:  layout_basic_swamp, evilmike_swamp_ruin_house_5, swamp_pool_1_2,
          nicolae_swamp_small_spring, hangedman_swamp_wriggling
Swamp:2:  layout_basic_swamp, nicolae_swamp_stair_fork
Swamp:3:  layout_falls_marsh, nicolae_swamp_ascending_descending,
          swamp_pool_1_2, uniq_bai_suzhen
Swamp:4:  swamp_old_school, layout_basic_swamp
Spider:1: nicolae_spider_broodchamber
Spider:2: layout_spider_delve, hangedman_spider_tarantella_strand
Spider:3: layout_spider_delve, nicolae_spider_cling_halls, uniq_aizul,
          uniq_mlioglotl
Spider:4: spider_rune_water, nicolae_spider_circle_web
Slime:1:  layout_caves
Slime:2:  layout_caves
Slime:3:  layout_caves
Slime:4:  layout_caves, cheibrodos_slime_lost_civilization_4
Slime:5:  slime_pit
Orc:1:    layout_caves, uniq_erica
Orc:2:    st_orc_ogre_mass, layout_caves
Elf:1:    layout_gridlike, minmay_elf_sorcery, uniq_roxanne
Elf:2:    nicolae_elf_blades_crystal_corner, layout_gridlike,
          hangedman_elf_targeted_burst
Elf:3:    minmay_elf_hall_hex, layout_rooms
Vaults:1: nicolae_vaults_little_squares_1, st_hourglassy,
          nicolae_vaults_puzzle_piece, nicolae_vaults_offset_grid_hallway_3,
          nicolae_vaults_offset_grid_hallway_3, v_misc_13, vaults_dpeg_spiral,
          nicolae_vaults_hallways_thing, nicolae_vaults_closet_pinwheel_5,
          vaults_standard_mumra_x, nicolae_vaults_angled_halls,
          nicolae_vaults_heist, nicolae_vaults_ellipses_ellipsis,
          ontoclasm_vaults_shuriken, layout_vaults_ring, uniq_zenata,
          uniq_norris, uniq_asterion
Vaults:2: portal_desolation_entry_twin_temple, nicolae_vaults_house_3,
          nicolae_vaults_prndl, nicolae_vaults_little_ls,
          hangedman_vaults_corner, nicolae_vaults_little_squares_2,
          hangedman_vaults_stagger, nicolae_vaults_asterisk,
          nicolae_vaults_trapezoid_lopsided_3, hangedman_vaults_stream,
          vaults_mumra_minichess, v_rooms_3, ontoclasm_vaults_ligature,
          v_misc_8, layout_vaults_maze_bifur, serial_shops, shop
Vaults:3: v_misc_32, minmay_crypt_entry_skeletal_spiral, st_lines,
          nicolae_vaults_sesquioval_fish,
          vaults_standard_mumra_enter_the_diamond,
          nicolae_vaults_little_squares_6, nicolae_vaults_weapon_check,
          vaults_room_fours, nicolae_vaults_gold_heap, grunt_vaults_funnel,
          layout_vaults_big_room, serial_shops, nicolae_shop_tiny_statue_garden,
          shop_fountains, shop, uniq_xtahua
Vaults:4: vaults_room_corners, vaults_room_pools, v_misc_16,
          ontoclasm_vaults_misaligned, nicolae_vaults_doubleplus_tesselated,
          vaults_standard_mumra_lines, v_misc_30, v_misc_33,
          nicolae_vaults_six-pack, nicolae_vaults_murder_corner,
          nicolae_vaults_trapezoid_lopsided_1, vaults_room_stairs_pillars,
          nicolae_vaults_house_3, layout_vaults_omnigrid
Vaults:5: serial_shops
Crypt:1:  layout_gridlike, columned_hall_lemuel, roderic_lattice_octagonal_star,
          lemuel_upstairs_altar
Crypt:2:  layout_misc_corridors, grunt_ministairs_9, minmay_misc_feat_rows
Crypt:3:  due_elkab, layout_chaotic_city, tomb_entry_forgotten_bobbens,
          minivault_4
Tomb:1
Tomb:2
Tomb:3
Depths:1: layout_long_grid, nicolae_hell_entry_hellmouth_sunbeams, serial_shops,
          nicolae_shop_trees, abyss_entry_small_statue_room,
          nicolae_sif_muna_condensation, monkooky_shop_alliterative
Depths:2: minmay_the_grid_triangle_9x9_rhombus_thin_mashed
          [minmay_the_grid_triangle_9x9_descending_squares,
          minmay_the_grid_triangle_9x9_prize_insulated,
          minmay_the_grid_triangle_9x9_swiss_cheese,
          minmay_the_grid_triangle_9x9_fully_insulated_deathbox],
          layout_long_grid, pan_entry, gammafunk_ghost_grave, hell_entry,
          hangedman_glass_teeth, minislime_mu, infiniplex_staircase_x
Depths:3: kennysheep_spiral_hall, layout_cave_pools, enter_ziggurat_e,
          hell_entry, nicolae_abyss_entry_one_way_or_another, serial_shops,
          shop, led_xom_imps, minmay_staircase_windowed_small, uniq_parghit
Depths:4: evilmike_zot_entry_diamond, layout_basic, minmay_door_square,
          hell_entry
Hell
Dis:1:    layout_overlapping_boxes
Dis:2:    layout_jigsaw
Dis:3:    layout_overlapping_boxes, nicolae_dis_grated_feature
Dis:4:    layout_jigsaw
Dis:5:    layout_gridville
Dis:6:    nicolae_dis_big_iron_x
Dis:7:    dis_grunt_layers
Geh:1:    layout_gehenna_pools_triple, special_room [special_room_morgue],
          nicolae_geh_single_fiery_grave
Geh:2:    layout_gehenna_pools_triple
Geh:3:    layout_gehenna_lava_caves
Geh:4:    layout_gehenna_lava_caves
Geh:5:    layout_gehenna_pools_triple
Geh:6:    nicolae_hells_titanomachy
Geh:7:    evilmike_geh
Coc:1:    layout_cocytus_water_paths
Coc:2:    layout_cocytus_water_paths
Coc:3:    nicolae_hells_demon_pit, layout_ice_bergs
Coc:4:    layout_cocytus_water_paths, serial_ice
Coc:5:    layout_ice_bergs
Coc:6:    nicolae_coc_on_the_berg
Coc:7:    coc_grunt
Tar:1:    layout_cathedral_of_symmetry
Tar:2:    layout_honeycomb
Tar:3:    layout_grid_maze
Tar:4:    nicolae_tar_funeral_procession, layout_cathedral_of_symmetry
Tar:5:    layout_grid_maze, nicolae_tar_cuneiform_oil,
          nicolae_hells_hurtin_island
Tar:6:    layout_catacombs
Tar:7:    tar_minmay_river
Zot:1:    layout_onion
Zot:2:    layout_basic, st_small_dragon_hoard_4, nicolae_tricolors,
          grunt_megastairs_1
Zot:3:    layout_onion, regret_index_zotdec_magical_s,
          kennysheep_underground_church
Zot:4:    layout_cathedral_of_symmetry, regret_index_zotdec_twisting_globes
Zot:5:    layout_cathedral_of_symmetry, uniq_tiamat

Skill      XL: |  1  2  3  4  5  6  7  8  9 10 11 12 13 14 15 16 17 18 19 20 21 22 23 24 25 26 27 |
---------------+----------------------------------------------------------------------------------+-----
Unarmed Combat | 4 5 6 7 9 11 13 16 17 18 19 22 24 25 26 27 | 27.0
Invocations    | 6 9 11 12 23 | 23.8
Dodging        | 5 6 8 10 23 | 23.4
Shapeshifting  | 4 6 10 13 23 | 23.0
Translocations | 3 7 8 9 11 | 11.0
Throwing       | 5 |  5.0
Fighting       | 4 10 14 17 20 22 24 25 26 27 | 27.0
Air Magic      | 1 6 7 |  7.0
Stealth        | 5 8 |  8.0
Armour         | 8 11 12 24 | 24.4
Ice Magic      | 8 |  8.0
Shields        | 23 | 23.2

Action                     |  1- 3 |  4- 6 |  7- 9 | 10-12 | 13-15 | 16-18 | 19-21 | 22-24 | 25-27 || total
---------------------------+-------+-------+-------+-------+-------+-------+-------+-------+-------++-------
  Melee: Unarmed           |   129 |   170 |   332 |   537 |   858 |  1041 |  1142 |  1185 |  6669 || 12063
         Punch             |     2 |     3 |    21 |    60 |   158 |   200 |   257 |   313 |   516 ||  1530
         Constrict         |       |       |       |       |   184 |   238 |   304 |   265 |  1277 ||  2268
         Maw               |       |       |       |       |       |   340 |   537 |   500 |   678 ||  2055
  Throw: Throwing net      |     1 |     2 |       |     1 |       |       |       |       |       ||     4
         Boomerang         |       |       |       |       |     1 |       |       |     4 |    25 ||    30
         Javelin           |       |       |       |       |       |     5 |     3 |     9 |    14 ||    31
   Cast: Lesser Beckoning  |       |       |       |       |     5 |    67 |    11 |    34 |    82 ||   199
         Blink             |       |       |       |       |       |     9 |     2 |     2 |     8 ||    21
         Swiftness         |       |       |       |       |       |     1 |       |     1 |       ||     2
         Apportation       |       |       |       |       |       |       |       |       |     1 ||     1
 Invoke: Heroism           |       |       |       |     4 |     6 |    18 |     5 |    10 |     3 ||    46
         Finesse           |       |       |       |       |     2 |     4 |     4 |     5 |     3 ||    18
         Receive Armour    |       |       |       |       |     1 |       |       |       |       ||     1
         Duel              |       |       |       |       |       |     1 |     2 |       |       ||     3
         Receive Weapon    |       |       |       |       |       |     1 |       |       |       ||     1
         Bend Time         |       |       |       |       |       |       |       |       |     3 ||     3
         Slouch            |       |       |       |       |       |       |       |       |    47 ||    47
         Step From Time    |       |       |       |       |       |       |       |       |     1 ||     1
Ability: Spit Poison       |     3 |     6 |     2 |    11 |    15 |     2 |       |     1 |     1 ||    41
         Begin Untransform |       |       |       |       |     2 |       |       |     1 |     1 ||     4
         Siphon Essence    |       |       |       |       |       |       |       |       |     2 ||     2
  Evoke: Wand              |       |       |       |     2 |     2 |     3 |       |     2 |       ||     9
    Use: Potion            |       |       |       |     1 |     1 |    14 |     2 |     5 |     9 ||    32
         Scroll            |       |       |       |       |    18 |    30 |     2 |     3 |    32 ||    85
   Stab: Held in net/web   |       |     2 |       |     1 |       |       |       |       |       ||     3
         Petrified         |       |       |       |       |     2 |       |       |       |       ||     2
         Distracted        |       |       |       |       |     1 |       |     1 |     5 |    15 ||    22
         Sleeping          |       |       |       |       |       |     1 |    19 |     7 |    19 ||    46
         Invisible         |       |       |       |       |       |       |    11 |       |       ||    11
 Armour: Leather armour    |    91 |   106 |   185 |       |       |       |       |       |       ||   382
         Ring mail         |       |       |    80 |   390 |   556 |   215 |       |       |       ||  1241
         Skin              |       |       |       |       |       |   837 |   862 |   877 |  1335 ||  3911
         Gold dragon scale |       |       |       |       |       |       |       |       |  2495 ||  2495
  Dodge: Dodged            |    79 |    73 |   163 |   256 |   524 |   804 |   668 |   603 |  5030 ||  8200
  Block: Tower shield      |       |       |       |       |       |       |       |       |  2667 ||  2667
         Buckler           |       |       |       |       |       |       |       |       |  1267 ||  1267
   Form: Blade             |       |       |       |       |     3 |       |       |     1 |     1 ||     5
         Maw               |       |       |       |       |     1 |     1 |       |     1 |     2 ||     5
         Death             |       |       |       |       |       |       |       |       |     1 ||     1

Table legend: (Time is in decaauts)
 A = Elapsed time spent in this place.
 B = Non-inter-level travel time spent in this place.
 C = Inter-level travel time spent in this place.
 D = Time resting spent in this place.
 E = Time spent auto-exploring this place.
 F = Levels seen in this place.
 G = Mean time per level.
                   A        B        C        D        E       F      G
               +--------+--------+--------+--------+--------+-----+--------+
         Total | 138991 | 116226 |  22765 |   7354 |  77350 | 119 | 1168.0 |
       Dungeon |  25065 |  19410 |   5655 |   2899 |  12518 |  15 | 1671.0 |
        Temple |      1 |      1 |      0 |      0 |      0 |   1 |    1.0 |
          Lair |   7327 |   5747 |   1580 |    255 |   4447 |   5 | 1465.4 |
         Swamp |   3570 |   3316 |    254 |    482 |   1997 |   4 |  892.5 |
   Spider Nest |   5631 |   4771 |    860 |    893 |   2693 |   4 | 1407.8 |
    Slime Pits |   6026 |   5510 |    516 |    146 |   4342 |   5 | 1205.2 |
  Orcish Mines |   2239 |   1763 |    476 |     38 |   1018 |   2 | 1119.5 |
   Elven Halls |   3332 |   3153 |    179 |     93 |   2110 |   3 | 1110.7 |
        Vaults |  12064 |   7195 |   4869 |    272 |   5259 |   5 | 2412.8 |
         Crypt |   7672 |   6430 |   1242 |    260 |   4552 |   3 | 2557.3 |
          Tomb |   5328 |   4602 |    726 |     35 |   2613 |   3 | 1776.0 |
        Depths |   7237 |   5096 |   2141 |    278 |   3374 |   4 | 1809.2 |
          Hell |   2116 |   1619 |    497 |    213 |    998 |   1 | 2116.0 |
           Dis |   6711 |   6282 |    429 |    142 |   5020 |   7 |  958.7 |
       Gehenna |   5618 |   5264 |    354 |    191 |   3985 |   7 |  802.6 |
       Cocytus |   4442 |   4089 |    353 |    131 |   2923 |   7 |  634.6 |
      Tartarus |   8198 |   7470 |    728 |    246 |   5694 |   7 | 1171.1 |
           Zot |  14439 |  12540 |   1899 |    635 |   9342 |   5 | 2887.8 |
         Abyss |   2743 |   2743 |      0 |      0 |   1400 |   4 |  685.8 |
   Pandemonium |   7599 |   7599 |      0 |     24 |   2674 |  22 |  345.4 |
    Desolation |   1043 |   1043 |      0 |    110 |    385 |   1 | 1043.0 |
      Gauntlet |    515 |    515 |      0 |      0 |      0 |   1 |  515.0 |
         Arena |     66 |     66 |      0 |      7 |      0 |   3 |   22.0 |
               +--------+--------+--------+--------+--------+-----+--------+

Top non-repeatable levels by time:
   Tar:7: 5033 daAuts
Vaults:1: 4069 daAuts
 Crypt:3: 3924 daAuts
   Dis:7: 3838 daAuts
   Zot:5: 3284 daAuts
   Zot:2: 3165 daAuts
Vaults:3: 3146 daAuts
   Zot:1: 3003 daAuts
    D:15: 2969 daAuts
  Tomb:1: 2964 daAuts
   Zot:3: 2571 daAuts
   Geh:7: 2561 daAuts
   Zot:4: 2414 daAuts
    Hell: 2116 daAuts
Depths:2: 2095 daAuts
